 Dungeon Crawl Stone Soup version 0.19.1-1-g22dce08 (webtiles) character file.

1361 Naksu the Grappler (level 8, -2/85 HPs)
             Began as a Troll Monk on Jan 14, 2017.
             Was a Believer of Dithmenos.
             Slain by a killer bee (6 damage)
             ... on level 7 of the Dungeon.
             The game lasted 00:20:40 (1864 turns).

Naksu the Grappler (Troll Monk)                     Turns: 1864, Time: 00:20:41

Health: -2/85      AC:  5    Str: 21    XL:     8   Next: 37%
Magic:  7/7        EV: 12    Int:  6    God:    Dithmenos [**....]
Gold:   105        SH:  0    Dex: 15    Spells: 0 memorised, 7 levels left

rFire  . . .     SeeInvis .       - Unarmed
rCold  + . .     Gourm    +     j - +0 robe
rNeg   . . .     Faith    .     (no shield)
rPois  .         Spirit   .     (helmet restricted)
rElec  .         Reflect  .     (no cloak)
rCorr  .         Harm     .     (gloves unavailable)
MR     .....                    (boots unavailable)
Stlth  ++........               (no amulet)
                                e - ring of protection from cold
                                (no ring)

@: lethally poisoned (-2 -> -28), wreathed by umbra
A: unfitting armour, claws 3, horns 1, agile 1, blurry vision 1, fast metabolism
3, gourmand, regeneration 1, robust 1, shaggy fur 1, tough skin 2, wild magic 1
a: Shadow Step, Renounce Religion


You were on level 7 of the Dungeon.
You worshipped Dithmenos.
Dithmenos was pleased with you.
You were not hungry.

You visited 1 branch of the dungeon, and saw 6 of its levels.

You collected 105 gold pieces.

Inventory:

Hand Weapons
 c - a cursed -3 whip
 d - a +0 short sword
 g - a +0 dagger
 k - a +0 mace
 l - a +1 dagger
 o - a +0 club
 q - a +0 dagger
 t - a +0 scythe
 v - a +2 dagger of speed
 y - a +0 quarterstaff
Missiles
 m - 41 poisoned needles
 n - 5 javelins (quivered)
Armour
 a - a +0 robe
 i - a +0 leather armour
 j - a +0 robe (worn)
 r - a +0 robe
 u - a +0 robe
Magical Staves
 z - an uncursed staff of poison {unknown}
Jewellery
 e - a ring of protection from cold (right claw)
 p - an uncursed ring of teleportation
Wands
 x - a wand of iceblast (10/15)
Scrolls
 f - 3 scrolls of fog
 h - a scroll of enchant weapon
 A - 2 scrolls of recharging
 B - a scroll of random uselessness {unknown}
 C - a scroll of fear
Comestibles
 b - a bread ration
 s - a beef jerky
 w - 2 meat rations


   Skills:
 + Level 3.9 Fighting
 + Level 5.0 Dodging
 + Level 1.8 Stealth
 + Level 8.2 Unarmed Combat


You had 7 spell levels left.
You didn't know any spells.

Dungeon Overview and Level Annotations

Branches:
Dungeon (5/15)
 Temple: D:4-7

Altars:
Dithmenos


Innate Abilities, Weirdness & Mutations

You are too large for most types of armour.
You have claws for hands.
Your metabolism is lightning-fast.
You like to eat raw meat.
Your natural rate of healing is unusually fast.
You are covered in fur. (AC +1)
You have very tough skin. (AC +2)
You have a pair of small horns on your head.
You are agile. (Dex +2)
Scrolls take you a little longer to read.
You are robust. (+10% HP)
Your spells are a little harder to cast, but a little more powerful.


Message History

* * * LOW HITPOINT WARNING * * *
You are more poisoned.
The killer bee poisons you! The killer bee closely misses you.
You miss the killer bee. Your headbutt misses the killer bee.
* * * LOW HITPOINT WARNING * * *
You feel very sick. The killer bee stings you.
* * * LOW HITPOINT WARNING * * *
You are more poisoned.
The killer bee poisons you! The killer bee barely misses you.
The killer bee closely misses you. The killer bee barely misses you.
The killer bee misses you. The killer bee closely misses you.
The killer bee stings you.
* * * LOW HITPOINT WARNING * * *
The killer bee barely misses you.
You miss the killer bee. Your claw misses the killer bee.
* * * LOW HITPOINT WARNING * * *
You feel very sick. The killer bee stings you.
You die...

.##.................###..
....................# #.#
...###..............###..
......)))...######.......
.#####.......## #......†
##......#..## #......†
##.......#.............
#............[.........
#....y@y..##.###.......
##.....yy...?.# #.......
............#### ########
###.....†...# #.........#
#.........# #.........#
#.........# #.........#


You could see 4 killer bees.

Vanquished Creatures
  Sigmund (D:2)
  A water moccasin (D:5)
  A sky beast (D:5)
  An ice beast (D:7)
  A crocodile (D:7)
  A scorpion (D:7)
  2 killer bees (D:7)
  5 howler monkeys (D:7)
  A crimson imp (D:5)
  A jelly (D:7)
  A hound (D:4)
  2 orc priests
  3 orc wizards
  A bullfrog skeleton (D:7)
  Jessica (D:2)
  An iguana (D:4)
  2 worker ants
  A hound skeleton (D:5)
  A howler monkey zombie (D:5)
  6 adders
  An ooze (D:2)
  A worm (D:2)
  A dart slug (D:2)
  2 leopard geckos
  12 orcs
  7 bats
  2 giant cockroaches
  5 goblins
  3 hobgoblins
  2 jackals (D:5)
  7 kobolds
  2 quokkas
  2 ball pythons
  A frilled lizard (D:3)
  A jackal skeleton (D:7)
  5 rats
88 creatures vanquished.

Notes
Turn   | Place    | Note
-------+----------+-------------------------------------------
     0 | D:1      | Naksu the Troll Monk began the quest for the Orb.
     0 | D:1      | Reached XP level 1. HP: 22/22 MP: 0/0
   238 | D:1      | Reached XP level 2. HP: 28/29 MP: 1/1
   486 | D:2      | Noticed Sigmund
   500 | D:2      | Killed Sigmund
   500 | D:2      | Reached skill level 4 in Unarmed Combat
   500 | D:2      | Reached XP level 3. HP: 32/37 MP: 2/2
   500 | D:2      | Reached XP level 4. HP: 40/45 MP: 3/3
   500 | D:2      | Reached XP level 5. HP: 47/53 MP: 4/4
   546 | D:2      | Noticed Jessica
   550 | D:2      | Killed Jessica
   675 | D:2      | Reached skill level 5 in Unarmed Combat
   740 | D:3      | Reached XP level 6. HP: 57/61 MP: 5/5
  1320 | D:5      | Entered Level 5 of the Dungeon
  1416 | D:5      | Reached skill level 6 in Unarmed Combat
  1441 | D:5      | Noticed a water moccasin
  1465 | D:5      | Killed a water moccasin
  1465 | D:5      | Reached XP level 7. HP: 20/67 MP: 6/6
  1514 | D:5      | Found a shadowy altar of Dithmenos.
  1536 | D:5      | Became a worshipper of Dithmenos the Shadowed
  1536 | D:5      | Reached * piety under Dithmenos
  1536 | D:5      | Reached ** piety under Dithmenos
  1562 | D:5      | Gained mutation: Your spells are a little harder to cast, but a little more powerful. [mutagenic meat]
  1563 | D:5      | Gained mutation: Scrolls take you a little longer to read. [mutagenic meat]
  1564 | D:5      | Gained mutation: You are agile. (Dex +2) [mutagenic meat]
  1565 | D:5      | Gained mutation: You have a pair of small horns on your head. [mutagenic meat]
  1566 | D:5      | Gained mutation: You are robust. (+10% HP) [mutagenic meat]
  1573 | D:5      | You fall through a shaft for 2 floors!
  1588 | D:7      | Reached skill level 7 in Unarmed Combat
  1699 | D:7      | Reached XP level 8. HP: 80/85 MP: 7/7
  1840 | D:7      | Reached skill level 8 in Unarmed Combat
  1862 | D:7      | Reached skill level 5 in Dodging
  1864 | D:7      | HP: 4/85 [poisoned by a killer bee]
  1864 | D:7      | Slain by a killer bee

Skill      XL: |  1  2  3  4  5  6  7  8 |
---------------+-------------------------+-----
Fighting       | 3 |  3.9
Dodging        | 3 4 5 |  5.0
Unarmed Combat | 4 5 6 7 8 |  8.2
Stealth        | |  1.8

Action                   |  1- 3 |  4- 6 |  7- 9 || total
-------------------------+-------+-------+-------++-------
Melee: Unarmed           |    46 |   124 |   112 ||   282
       Punch             |     1 |     2 |     4 ||     7
       Headbutt          |       |       |    25 ||    25
  Use: Scroll            |     1 |     7 |       ||     8
       Potion            |       |     5 |     2 ||     7
 Stab: Sleeping          |       |     2 |       ||     2
  Eat: Bread ration      |     1 |     1 |     1 ||     3
       Pizza             |       |     1 |       ||     1
       Chunk             |       |       |     7 ||     7
       Beef jerky        |       |       |     1 ||     1
Armor: Robe              |    19 |    40 |    18 ||    77
Dodge: Dodged            |    29 |    76 |    80 ||   185
